 Dungeon Crawl Stone Soup version 0.27.1-34-g3ba077fa99 (webtiles) character file.

Game seed: 16507711748393306830

1033 MisterFreud the Basher (level 8, -3/76 HPs)
             Began as a Troll Berserker on Jan 29, 2022.
             Was a Priest of Trog.
             Slain by an acid dragon (4 damage)
             ... on level 5 of the Dungeon.
             The game lasted 00:05:38 (2940 turns).

MisterFreud the Basher (Troll Berserker)            Turns: 2940, Time: 00:05:38

Health: -3/76      AC:  2    Str: 26    XL:     8   Next: 3%
Magic:  7/7        EV: 10    Int:  4    God:    Trog [***...]
Gold:   1250       SH:  0    Dex: 10    Spells: 7/7 levels left

rFire    . . .     SeeInvis .   p - +1 whip (freeze)
rCold    . . .     Faith    .   (no shield)
rNeg     . . .     Spirit   .   b - +1 animal skin
rPois    .         Reflect  .   (helmet restricted)
rElec    .         Harm     .   e - +0 cloak
rCorr    .         Rampage  .   (gloves unavailable)
Will     .....                  (boots unavailable)
Stlth    +.........             (no amulet)
HPRegen  1.22/turn              (no ring)
MPRegen  0.10/turn              (no ring)

@: corroded, on berserk cooldown
A: large, unfitting armour, claws 3, regeneration 1, shaggy fur 1, tough skin 1
a: Renounce Religion, Berserk, Trog's Hand


You were on level 5 of the Dungeon.
You worshipped Trog.
Trog was most pleased with you.
You visited 1 branch of the dungeon, and saw 5 of its levels.

You collected 1250 gold pieces.

Inventory:

Hand Weapons
 a - a +0 mace
 p - a +1 whip of freezing (weapon)
Missiles
 h - 16 poisoned darts (quivered)
Armour
 b - a +1 animal skin (worn)
 e - a +0 cloak (worn)
Scrolls
 c - 2 scrolls of teleportation
 g - a scroll of immolation
 i - a scroll of blinking
Potions
 d - a potion of magic
 f - 2 potions of heal wounds {unknown}
 j - a potion of resistance {unknown}
 k - a potion of attraction {unknown}
 l - 2 potions of haste {unknown}
 m - a potion of curing {unknown}
 n - a potion of mutation {unknown}
 o - 4 potions of flight


   Skills:
 + Level 3.6 Fighting
 - Level 8.0 Maces & Flails
 + Level 3.6 Dodging


You had 7 spell levels left.
You didn't know any spells.
Your spell library was empty.

Dungeon Overview and Level Annotations

Branches:
Dungeon (5/15)
 Temple: D:4-7

Altars:
Fedhas
Gozag


Innate Abilities, Weirdness & Mutations

You are too large for most types of armour.
You have claws for hands.
Your natural rate of healing is unusually fast.
You are covered in fur. (AC +1)
You have tough skin. (AC +1)


Message History

The acid dragon claws you but does no damage.
You hit the acid dragon but do no damage.
The acid dragon is heavily wounded.
The acid dragon spits acid at you. The splash of acid hits you!
You are splashed with acid!
You hit the acid dragon but do no damage.
The acid dragon is heavily wounded.
You closely miss the acid dragon.
The acid dragon is heavily wounded.
The acid dragon bites you but does no damage.
The acid dragon claws you but does no damage.
You barely miss the acid dragon.
The acid dragon is heavily wounded.
The acid dragon bites you!
The acid dragon claws you but does no damage.
You closely miss the acid dragon.
The acid dragon is heavily wounded.
The acid dragon bites you.
The acid dragon claws you but does no damage.
You hit the acid dragon. You freeze the acid dragon.
The acid dragon is heavily wounded.
You hit the acid dragon. You freeze the acid dragon.
The acid dragon is almost dead.
The acid dragon spits acid at you. The splash of acid hits you!
The acid corrodes you!
You are splashed with acid!
* * * LOW HITPOINT WARNING * * *
Unknown command.
You barely miss the acid dragon.
The acid dragon is almost dead.
The acid dragon bites you.
* * * LOW HITPOINT WARNING * * *
The acid dragon barely misses you.
You hit the acid dragon. You freeze the acid dragon.
The acid dragon is almost dead.
You barely miss the acid dragon.
The acid dragon is almost dead.
The acid dragon bites you!
* * * LOW HITPOINT WARNING * * *
The acid dragon claws you.
You die...

###.#####.....
#.#..................
#.#......# #..........
#.#......# #..........
#.#......# #..........
#........###..........
#####.................
#.....................
#.##.........@D.......
#.#.#####!.........
#.#.# #........).
#.#[# #########..
#.#.# #.#.# #.#.#
#.#.# ...


You could see an acid dragon (catching breath).

Vanquished Creatures
  Pikel (D:5)
  A black bear (D:5)
  2 ogres
  2 lemures (D:5)
  2 jellies
  An iguana (D:4)
  An orc wizard (D:3)
  Natasha (D:2)
  Robin (D:4)
  4 adders
  2 worms (D:2)
  4 dart slugs
  7 orcs (D:3)
  4 endoplasms
  3 giant cockroaches
  12 goblins
  9 hobgoblins
  6 jackals
  2 quokkas
  8 ball pythons
  5 bats
  4 frilled lizards
  4 kobolds
  8 rats
94 creatures vanquished.

Notes
Turn   | Place    | Note
-------+----------+-------------------------------------------
     0 | D:1      | MisterFreud the Troll Berserker began the quest for the
                  | Orb.
     0 | D:1      | Reached XP level 1. HP: 22/22 MP: 0/0
   168 | D:1      | Reached skill level 3 in Maces & Flails
   187 | D:1      | Reached XP level 2. HP: 29/29 MP: 1/1
   781 | D:2      | Reached XP level 3. HP: 36/36 MP: 2/2
   813 | D:2      | Reached ** piety under Trog
   814 | D:2      | Reached skill level 4 in Maces & Flails
  1031 | D:2      | Found a blossoming altar of Fedhas.
  1110 | D:2      | Noticed Natasha
  1118 | D:2      | Killed Natasha
  1119 | D:2      | Reached XP level 4. HP: 39/44 MP: 3/3
  1320 | D:3      | Found an opulent altar of Gozag.
  1344 | D:3      | Reached skill level 5 in Maces & Flails
  1460 | D:3      | Noticed an ogre
  1501 | D:3      | Killed an ogre
  1502 | D:3      | Reached XP level 5. HP: 50/50 MP: 4/4
  1625 | D:3      | Reached *** piety under Trog
  1812 | D:3      | Identified a scroll of acquirement
  1812 | D:3      | Acquired 1103 gold pieces
  1882 | D:4      | Reached skill level 6 in Maces & Flails
  1960 | D:4      | Noticed Robin
  1969 | D:4      | Noticed an ogre
  1970 | D:4      | Killed Robin
  1975 | D:4      | Killed an ogre
  1976 | D:4      | Reached XP level 6. HP: 59/59 MP: 5/5
  2663 | D:5      | Entered Level 5 of the Dungeon
  2719 | D:5      | Reached skill level 7 in Maces & Flails
  2719 | D:5      | Reached XP level 7. HP: 61/66 MP: 6/6
  2877 | D:5      | Noticed Pikel
  2902 | D:5      | Killed Pikel
  2903 | D:5      | Reached skill level 8 in Maces & Flails
  2903 | D:5      | Reached XP level 8. HP: 76/76 MP: 7/7
  2940 | D:5      | HP: 1/76 [acid dragon (13)]
  2940 | D:5      | Slain by an acid dragon

Illustrated notes

Levels and vault maps discovered:
D:1:      dpeg_arrival_signposts, layout_basic, kennysheep_crisscross
D:2:      layout_rooms, basic_altar, hangedman_decor_slide_cut, uniq_natasha
D:3:      layout_basic, mainiacjoe_overflow_catwalk
D:4:      layout_loops_ring, uniq_robin
D:5:      layout_basic, yredelemnul_forgotten_temple_becter,
          nicolae_ru_great_annihilating_truth, ebering_ghost_sewer_d, uniq_pikel

Skill      XL: |  1  2  3  4  5  6  7 |
---------------+----------------------+-----
Maces & Flails | 3 4 5 6 7 8 |  8.0
Fighting       | 3 |  3.6
Dodging        | 3 |  3.6

Action                   |  1- 3 |  4- 6 |  7- 9 || total
-------------------------+-------+-------+-------++-------
Melee: Mace              |   115 |   196 |    39 ||   350
       Whip              |       |       |    14 ||    14
Invok: Berserk           |       |     4 |     1 ||     5
  Use: Scroll            |       |    12 |       ||    12
 Stab: Sleeping          |       |     1 |       ||     1
Armor: Animal skin       |    65 |    71 |    16 ||   152
Dodge: Dodged            |    83 |    87 |    16 ||   186
